Map: Neon Violet Square LE

Players

ShoWTimE

  • Race: Protoss Protoss
  • Spawn Location: 5:00

TYTY (TY) - Winner!

  • Race: Terran Terran
  • Spawn Location: 11:00

Event: IEM Season 12 - Katowice

VOD

Have the link to the VOD?

Description

Time

  • Played on: March 1, 2018, 5:44 a.m.
  • Length: 25:18

All games in this series

Show
View Real Time Build Order
Export as new Build Order

ShoWTimE Protoss 

Build Orders: 1 Gate Expand, Oracle Opening 

Get SALT Encoding   

  12  0:01  Probe  
  13  0:13  Probe  
  14  0:19  Pylon  
  14  0:25  Probe (Chrono Boost)  
  15  0:37  Probe (Chrono Boost)  
  15  0:38  Gateway  
  16  0:46  Probe (Chrono Boost)  
  16  0:47  Assimilator  
  17  0:52  Probe  
  18  1:04  Probe  
  19  1:16  Probe  
  20  1:26  Nexus  
  20  1:36  Cybernetics Core  
  20  1:38  Probe  
  21  1:45  Assimilator  
  21  1:51  Probe  
  22  1:56  Pylon  
  22  2:03  Probe  
  23  2:12  Adept (Chrono Boost)  
  23  2:15  Probe  
  26  2:18  Stargate  
  26  2:27  Probe (Chrono Boost), Warp Gate  
  27  2:34  Adept  
  29  2:38  Probe (Chrono Boost)  
  31  2:45  Probe (Chrono Boost)  
  31  2:47  Probe (Chrono Boost)  
  32  2:52  Probe x2 (Chrono Boost)  
  34  3:00  Oracle (Chrono Boost)  
  34  3:03  Probe  
  34  3:04  Probe  
  34  3:05  Pylon  
  39  3:10  Adept  
  41  3:15  Probe  
  41  3:16  Probe  
  43  3:27  Probe  
  43  3:28  Probe  
  43  3:30  Oracle  
  48  3:37  Gateway  
  48  3:39  Probe  
  48  3:41  Gateway  
  49  3:42  Probe  
  50  3:57  Nexus  
  50  4:01  Pylon  
  50  4:02  Probe  
  51  4:05  Probe  
  52  4:10  Phoenix  
  52  4:14  Assimilator  
  54  4:19  Probe x2 (Chrono Boost), Assimilator  
  56  4:24  Pylon  
  56  4:31  Probe x2 (Chrono Boost)  
  58  4:32  Forge  
  58  4:37  Probe x2 (Chrono Boost)  
  60  4:40  Twilight Council  
  60  4:45  Probe x2  
  61  4:50  Protoss Ground Weapons Level 1 (Chrono Boost)  
  62  4:57  Probe x2  
  64  5:03  Sentry  
  64  5:04  Sentry, Gateway x2  
  68  5:09  Probe x2  
  68  5:10  Blink (Chrono Boost)  
  70  5:17  Probe  
  70  5:21  Probe x2, Robotics Facility  
  73  5:29  Probe  
  73  5:33  Probe x2  
  73  5:35  Gateway  
  76  5:41  Probe  
  77  5:43  Gateway x2  
  77  5:45  Probe x2  
  77  5:47  Pylon  
  79  5:53  Probe  
  79  5:54  Assimilator  
  80  5:57  Pylon  
  80  5:58  Probe x2  
  80  5:59  Assimilator  
  82  6:05  Probe  
  82  6:10  Probe x2  
  85  6:14  Pylon, Observer (Chrono Boost), Robotics Bay  
  86  6:20  Stalker x3  
  86  6:21  Pylon  
  86  6:23  Probe  
  93  6:26  Pylon, Sentry  
  93  6:27  Observer (Chrono Boost)  
  93  6:29  Shield Battery  
  93  6:31  Pylon  
  96  6:43  Stalker x2  
  96  6:44  Stalker x3  
  106  6:51  Warp Prism (Chrono Boost)  
  106  6:52  Pylon  
  108  6:55  Stalker x2  
  108  7:01  Stalker  
  114  7:06  Pylon  
  114  7:10  Shield Battery  
  114  7:12  Pylon  
  114  7:13  Pylon  
  114  7:18  Colossus (Chrono Boost)  
  114  7:22  Protoss Ground Armor Level 1 (Chrono Boost)  
  120  7:25  Charge (Chrono Boost)  
  120  7:29  Pylon  
  117  7:32  Extended Thermal Lance, Forge  
  117  7:40  Stalker x4  
  125  7:51  Pylon  
  125  7:56  Fleet Beacon  
  125  7:58  Stargate  
  125  8:03  Protoss Ground Weapons Level 2 (Chrono Boost)  
  125  8:10  Colossus (Chrono Boost)  
  125  8:11  Observer, Nexus  
  125  8:14  Pylon  
  131  8:20  Photon Cannon, Shield Battery  
  131  8:23  Pylon  
  131  8:25  Zealot x2  
  131  8:26  Zealot  
  137  8:38  Zealot x4  
  145  8:48  Observer  
  151  8:49  Tempest (Chrono Boost)  
  151  8:53  Tempest (Chrono Boost)  
  157  9:01  Pylon  
  157  9:02  Colossus (Chrono Boost)  
  163  9:11  Assimilator  
  163  9:15  Photon Cannon, Assimilator  
  166  9:33  Tempest (Chrono Boost), Zealot x6  
  166  9:36  Tempest (Chrono Boost)  
  162  9:49  Zealot x8  
  178  9:54  Templar Archives  
  178  10:07  Protoss Ground Weapons Level 3 (Chrono Boost)  
  178  10:08  Protoss Ground Armor Level 2 (Chrono Boost)  
  178  10:11  Disruptor  
  181  10:21  Psionic Storm  
  181  10:24  Tempest  
  185  10:34  High Templar x2  
  189  10:39  High Templar  
  191  10:47  High Templar  
  191  10:48  Disruptor (Chrono Boost)  
  193  10:54  Nexus  
  193  10:55  Pylon  
  196  11:17  Gateway, Warp Prism  
  198  11:20  Gateway  
  198  11:22  Gateway  
  198  11:40  Gateway  
  198  11:42  Gateway  
  198  11:44  Gateway  
  198  11:46  Gateway  
  198  11:47  Pylon  
  198  11:48  Pylon  
  198  11:49  Assimilator  
  198  11:53  Assimilator  
  188  12:23  Gateway  
  188  12:25  Gateway  
  188  12:27  Gateway  
  188  12:29  Gateway  
  188  12:33  Sentry  
  190  12:39  Observer  
  190  12:43  High Templar x2  
  195  12:45  Photon Cannon  
  195  12:46  Photon Cannon  
  195  12:53  Photon Cannon  
  195  12:56  Photon Cannon  
  195  12:57  Photon Cannon  
  195  12:59  Photon Cannon  
  195  13:01  Photon Cannon  
  195  13:03  Shield Battery  
  193  13:06  Shield Battery, Stalker x2  
  193  13:09  Pylon  
  192  13:17  Protoss Shields Level 1 (Chrono Boost)  
  192  13:19  Protoss Air Weapons Level 1 (Chrono Boost)  
  191  13:21  Protoss Ground Armor Level 3 (Chrono Boost)  
  167  13:57  High Templar x5  
  167  13:58  High Templar x8  
  193  14:03  Archon  
  193  14:05  Archon  
  193  14:06  Archon x3  
  193  14:07  Archon  
  193  14:08  Archon  
  193  14:13  Zealot x3  
  199  14:32  Gateway  
  199  14:34  Gateway  
  199  14:36  Gateway  
  199  14:39  Oracle, Gateway  
  199  14:41  Pylon  
  186  14:56  High Templar x7  
  198  15:09  Observer  
  187  15:26  Zealot x2  
  187  15:27  Zealot x4  
  199  15:44  Protoss Shields Level 2 (Chrono Boost)  
  189  15:59  Stargate  
  189  16:03  Stargate  
  189  16:12  Observer  
  190  16:25  Nexus  
  190  16:28  Pylon  
  190  16:31  Stalker x5  
  190  17:01  Gateway  
  190  17:03  Gateway  
  190  17:04  Pylon, Gateway  
  188  17:28  Stalker x7  
  188  17:29  Stalker x6  
  194  17:36  Stalker x9  
  164  17:43  Disruptor (Chrono Boost)  
  132  17:56  Robotics Facility  
  132  17:57  Probe  
  132  17:58  Probe x5  
  136  18:04  High Templar x4  
  145  18:07  High Templar x2  
  145  18:08  High Templar x12  
  145  18:09  High Templar x5  
  145  18:10  Probe x2  
  145  18:11  Disruptor (Chrono Boost), High Templar  
  190  18:14  Archon  
  190  18:15  Archon x6  
  190  18:18  Archon  
  190  18:19  Archon  
  190  18:20  Archon  
  190  18:22  Probe  
  190  18:25  Assimilator  
  191  18:27  Assimilator  
  191  18:29  Protoss Shields Level 3 (Chrono Boost)  
  190  18:41  Disruptor (Chrono Boost)  
  190  18:44  Tempest  
  179  19:07  Stalker x3  
  177  19:10  Disruptor  
  177  19:13  Disruptor  
  183  19:20  Stalker x3  
  183  19:21  Stalker x2  
  193  19:37  High Templar x2  
  196  19:45  Disruptor  
  185  20:24  Nexus  
  146  20:43  Stalker x9  
  146  20:44  Stalker x7  
  146  20:49  Pylon  
  178  21:06  Disruptor  
  136  21:21  Stalker x5  
  140  21:30  Zealot x4  
  140  21:31  Zealot x6  
  160  21:36  High Templar  
  160  21:37  Zealot  
  160  21:38  Zealot x4  
  172  21:49  Disruptor  
  172  21:51  Stalker x2  
  175  22:07  Stalker x3  
  175  22:08  Stalker x2  
  173  22:17  Stalker x3  
  167  22:32  Stalker x3  
  166  22:44  Observer  
  154  23:15  Nexus, High Templar x3  
  151  23:32  High Templar  
  151  23:33  Zealot x2  
  157  23:37  Nexus  
  157  23:38  Observer  
  152  23:51  Pylon  
  145  24:05  Pylon  
  145  24:16  Stalker x2  
  121  24:28  Stalker x5  
  125  24:33  Zealot x6  
  135  24:40  Zealot x2  
  138  24:45  Stalker  
  128  25:01  Zealot x6  
  105  25:11  Zealot x3  
Show
View Real Time Build Order
Export as new Build Order

TYTY Terran - Winner!

Build Orders: MMM Bio 

Get SALT Encoding   

  12  0:00  SCV  
  13  0:12  SCV  
  14  0:18  Supply Depot  
  14  0:24  SCV  
  15  0:40  SCV  
  15  0:41  Barracks  
  16  0:45  Refinery  
  16  0:52  SCV  
  17  1:04  SCV  
  18  1:16  SCV  
  19  1:30  Marine  
  19  1:31  Orbital Command  
  20  1:44  Command Center  
  20  1:54  Factory  
  20  1:57  SCV  
  21  2:05  Supply Depot  
  21  2:08  Barracks Reactor  
  21  2:12  SCV  
  22  2:24  SCV  
  23  2:36  SCV  
  24  2:42  Command Center  
  24  2:48  Hellion  
  24  2:50  Hellion  
  28  2:58  Orbital Command  
  28  3:00  SCV  
  29  3:12  SCV  
  30  3:18  Cyclone, Marine x2  
  35  3:23  SCV  
  35  3:24  SCV  
  37  3:35  SCV, Marine  
  37  3:36  SCV, Marine  
  37  3:40  Barracks  
  41  3:46  Supply Depot  
  41  3:47  SCV  
  41  3:48  SCV  
  43  3:52  Factory Tech Lab  
  43  3:53  Marine x2  
  45  3:57  Orbital Command  
  45  3:59  SCV  
  45  4:00  SCV  
  47  4:11  Marine x2  
  47  4:12  SCV x2  
  47  4:15  Barracks  
  51  4:19  Factory Reactor  
  51  4:24  SCV x2, Engineering Bay  
  52  4:25  SCV  
  52  4:29  Marine  
  55  4:32  Refinery  
  55  4:33  Supply Depot, Refinery  
  55  4:36  SCV, Marine  
  57  4:39  Stimpack  
  57  4:40  Bunker  
  57  4:42  SCV  
  57  4:43  SCV  
  59  4:48  SCV  
  59  4:50  Marine  
  59  4:52  Marine  
  62  4:53  Terran Infantry Weapons Level 1  
  62  4:54  SCV  
  62  4:57  SCV  
  64  5:00  SCV  
  64  5:02  Marine  
  64  5:03  Missile Turret  
  66  5:08  Starport  
  66  5:09  SCV x2  
  66  5:11  Factory Reactor  
  66  5:13  Missile Turret  
  68  5:16  SCV  
  68  5:19  Marine x2  
  68  5:20  Marine x2  
  68  5:21  SCV  
  73  5:22  SCV  
  73  5:26  Supply Depot  
  74  5:30  SCV  
  74  5:33  Supply Depot, SCV  
  76  5:41  Supply Depot x2, SCV  
  77  5:47  Barracks  
  77  5:48  SCV  
  77  5:49  Barracks  
  78  5:51  Medivac x2  
  78  5:52  SCV  
  78  5:53  SCV  
  78  5:55  Refinery x2  
  84  5:57  Marine x4  
  84  6:00  SCV  
  84  6:03  Marauder  
  91  6:04  SCV  
  91  6:08  Supply Depot  
  91  6:10  Supply Depot  
  91  6:13  Factory Tech Lab  
  91  6:15  Marine x2  
  92  6:19  Marine x2  
  92  6:21  Medivac x2  
  92  6:24  Marine  
  99  6:32  Command Center  
  99  6:33  Starport  
  99  6:36  Fusion Core  
  99  6:37  Barracks Tech Lab, Liberator  
  99  6:38  Barracks Tech Lab, Liberator  
  99  6:39  Marine x2  
  100  6:43  Marine x2  
  100  6:44  SCV x2  
  100  6:46  SCV  
  103  6:53  Supply Depot  
  103  6:56  Marine  
  103  7:00  Liberator  
  110  7:03  Marine x3  
  110  7:05  Supply Depot  
  110  7:06  Marine, Marauder  
  116  7:10  Marauder  
  116  7:14  Marine  
  119  7:21  Terran Infantry Armor Level 1, Marine x3  
  124  7:28  Liberator  
  124  7:30  Advanced Ballistics  
  124  7:31  Marine x3  
  124  7:37  Supply Depot, SCV x2, Factory Reactor  
  127  7:38  Supply Depot  
  127  7:40  Refinery  
  127  7:41  Liberator  
  129  7:45  Missile Turret  
  129  7:50  Marine, Marauder x2  
  137  8:07  SCV x3  
  140  8:15  Refinery, Armory  
  140  8:17  Engineering Bay  
  140  8:18  Combat Shields  
  140  8:19  SCV, Refinery  
  141  8:20  Sensor Tower, Liberator  
  141  8:21  SCV x2  
  143  8:28  Planetary Fortress  
  143  8:33  SCV  
  146  8:36  Missile Turret  
  146  8:39  SCV x2  
  149  8:41  Liberator  
  149  8:43  Marine  
  149  8:46  Marine x2  
  155  8:50  Marine, Marauder x2  
  155  8:51  Marauder  
  155  8:53  SCV x2  
  155  8:55  SCV  
  165  8:56  Supply Depot  
  165  8:57  Raven  
  165  9:00  Marine  
  168  9:04  Marine  
  168  9:05  SCV x2  
  168  9:08  Terran Infantry Weapons Level 2  
  171  9:10  Missile Turret  
  171  9:11  Supply Depot  
  171  9:12  Supply Depot, Marine, Concussive Shells  
  172  9:17  Marine x2, Liberator  
  173  9:25  Liberator  
  173  9:27  SCV x2  
  173  9:30  Marine x2  
  176  9:38  SCV  
  179  9:45  Supply Depot  
  179  9:48  SCV x3  
  179  9:52  Marine x3, Marauder x2  
  195  9:57  Terran Infantry Armor Level 2  
  195  9:59  Terran Ship Weapons Level 1  
  192  10:00  Missile Turret  
  192  10:04  Supply Depot  
  192  10:05  Command Center  
  191  10:11  Ghost Academy, Barracks x2  
  191  10:28  Command Center  
  194  10:30  Viking x3  
  194  10:31  Viking  
  189  10:42  Ghost x3  
  191  10:47  Starport  
  191  10:49  Starport  
  195  10:50  Starport  
  195  10:58  Sensor Tower  
  195  11:00  Viking x2  
  194  11:06  Missile Turret  
  194  11:08  Viking x2  
  194  11:10  Ghost  
  200  11:15  Missile Turret  
  200  11:17  Planetary Fortress  
  200  11:19  Missile Turret  
  200  11:21  Missile Turret  
  197  11:27  Starport Tech Lab x2  
  200  11:42  Command Center  
  200  11:55  Raven x2  
  200  11:59  Starport Tech Lab  
  198  12:04  Corvid Reactor  
  177  12:16  Refinery  
  177  12:17  Refinery  
  177  12:20  Terran Infantry Armor Level 3, Terran Infantry Weapons Level 3  
  177  12:21  Command Center  
  177  12:22  Command Center, Raven  
  177  12:23  Terran Ship Weapons Level 2  
  172  12:33  Marine x2  
  172  12:34  Marine x2, Marauder x2  
  172  12:35  Barracks Reactor  
  172  12:36  Marine x2  
  179  12:38  Raven  
  179  12:42  Missile Turret, Viking x2  
  184  12:44  Missile Turret  
  184  12:51  Marine x4  
  184  12:52  Orbital Command  
  188  13:00  Marine x3  
  188  13:02  Viking x2, Raven  
  188  13:05  Raven  
  199  13:08  Orbital Command  
  199  13:09  Marine  
  200  13:15  Missile Turret  
  197  13:20  Marine  
  197  13:21  Marauder  
  195  13:34  Raven  
  195  13:37  Viking  
  195  13:38  Marauder  
  195  13:39  Marauder  
  200  13:45  Raven  
  199  13:50  Marine  
  200  13:56  Missile Turret  
  193  14:05  Raven  
  193  14:06  Orbital Command  
  193  14:07  Orbital Command  
  193  14:13  Sensor Tower  
  193  14:14  Missile Turret  
  193  14:17  Raven  
  193  14:20  Command Center  
  195  14:29  Raven  
  195  14:31  Command Center  
  197  14:32  Command Center  
  197  14:33  Ghost x2  
  199  14:48  Raven  
  195  14:56  Ghost x2  
  195  14:58  Marine  
  200  15:18  Marauder  
  199  15:34  Missile Turret  
  199  15:35  Missile Turret  
  198  15:36  Missile Turret  
  198  15:38  Missile Turret  
  198  15:39  Battlecruiser, Planetary Fortress  
  198  15:40  Sensor Tower  
  200  15:45  Missile Turret  
  196  15:53  Planetary Fortress  
  196  15:54  Orbital Command  
  196  15:56  Battlecruiser x2  
  196  15:59  Missile Turret  
  196  16:01  Missile Turret  
  188  16:08  Terran Ship Weapons Level 3  
  188  16:29  Marine x6, Marauder x3  
  200  16:35  Missile Turret  
  200  16:51  Weapon Refit  
  196  16:59  Missile Turret  
  196  17:00  Armory  
  196  17:01  Sensor Tower, Building Armor, Hi-Sec Auto Tracking  
  189  17:07  Marine x5, Marauder x3  
  181  17:35  Marine x4, Marauder  
  181  17:36  Marauder  
  168  17:41  Marine x2, Marauder  
  168  17:42  Marauder  
  167  17:52  Raven x2  
  167  17:53  Marine x2, Raven  
  171  18:00  Marine x4, Marauder x2  
  171  18:01  Medivac x4, Refinery x2  
  185  18:08  Ghost Academy  
  185  18:12  Personal Cloaking  
  185  18:13  SCV, Marine x4  
  185  18:14  SCV x3  
  185  18:19  Missile Turret  
  193  18:24  Marine x3, Marauder x2  
  192  19:08  Battlecruiser  
  196  19:11  Marine x3  
  194  19:18  Battlecruiser  
  194  19:21  Orbital Command  
  197  19:33  Battlecruiser  
  198  19:43  Terran Vehicle And Ship Armor Level 1  
  186  20:04  Ghost x4  
  186  20:06  Command Center  
  193  20:07  SCV x2  
  193  20:08  Command Center  
  193  20:31  Marine x4  
  193  20:33  Ghost, Marine x3  
  193  20:34  Marauder x2  
  191  20:44  Raven x2  
  191  20:48  Marine x2, Nuke x2  
  191  20:49  Marine x2  
  182  20:50  SCV x3  
  182  20:51  Marine  
  182  20:52  Marine, Marauder  
  182  20:55  Marine, Marauder  
  189  20:59  SCV x2  
  189  21:01  Marine  
  191  21:06  Marine x3  
  191  21:07  Orbital Command  
  191  21:08  Marine  
  191  21:09  Marine  
  191  21:10  Marine  
  183  21:12  Marine  
  183  21:16  Marauder  
  183  21:17  Marauder  
  172  21:26  Planetary Fortress, Marine x4, Marauder  
  172  21:29  Missile Turret  
  172  21:31  Marauder, Battlecruiser x2  
  172  21:32  SCV x2  
  194  21:38  Marauder  
  196  21:46  Marine x2, Marauder  
  200  21:51  Command Center  
  200  21:53  Missile Turret  
  200  21:55  Sensor Tower  
  197  22:05  Terran Vehicle And Ship Armor Level 2  
  197  22:06  Battlecruiser  
  199  22:26  SCV  
  199  22:27  Sensor Tower  
  200  22:33  Command Center  
  198  22:54  Nuke x2  
  198  22:58  Marine, Marauder  
  184  23:13  Battlecruiser x2  
  194  23:21  Marine x4  
  194  23:22  Medivac  
  185  23:44  Planetary Fortress  
  178  23:50  Raven, Marauder  
  178  23:51  Marine x4  
  178  23:54  Marine x2, Refinery  
  178  23:55  Marauder  
  190  23:56  Refinery  
  190  23:57  Marine x2  
  186  24:09  Marine x4  
  188  24:11  Marine  
  188  24:12  Marine  
  188  24:14  Marine  
  188  24:15  Marine  
  184  24:28  Marine x4, Marauder x2  
  184  24:29  SCV x2, Marauder  
  196  24:34  Medivac  
  196  24:35  Marine x2  

Tags
 
Add a new tag
Caveats
  • Supply blocks, unpowered buildings, or Contaminate may cause inaccurate times.
  • Supply counts are checked every 10 seconds.